[Event "Early-Titled-Tuesday-Blitz-September-05-2023"]
[Site "Chess.com"]
[Date "2023.09.05"]
[Round "3"]
[White "nrvignesh"]
[Black "Hikaru"]
[Result "0-1"]
[WhiteElo "2820"]
[BlackElo "3271"]
[TimeControl "180+1"]
[EndTime "8:28:54 PDT"]
[Termination "Hikaru won by resignation"]

1. e4 a6 2. a4 c5 3. Nf3 Nc6 4.
Nc3 Nf6 5. Bc4 e6 6. O-O d5 7. exd5 exd5 8. Re1+ Be7 9. Bf1 d4 10. Ne4 Nxe4 11. Rxe4 Be6 12. Rxe6 fxe6 13. Bc4 Qd6 14. Qe2 O-O-O 15. d3 Bf6 16. Nd2 Kb8 17. Ne4 Qe7 18. Bf4+ Ka7 19. a5 Rhe8 20. Qh5 e5 21. Bd2 g6 22.
Qf3 Rf8 23. Qe2 Rde8 24. g3 h5 25. h4 Bg7 26. Bg5 Qc7 27. Nxc5 e4 28. Ne6 Rxe6 29. Bxe6 e3 30. Bf4 Be5 31. fxe3 Bxf4 32. exf4 Re8 33. Re1 Nd8 34. Qf2 Nxe6 35. Re5 Qd7 36. Re4 Rd8 37. b4 Ka8 38. f5 gxf5 39. Qxf5 Nc7 40. Qxd7 Rxd7 41. Re5 Rh7 42. Kg2 Kb8 43. g4 hxg4 44.
Kg3 Kc8 45. Kxg4 Kd7 46. h5 Ne6 47. Re1 Ke7 48. Re5 Kd6 49. Rf5 Rg7+ 50. Kf3 Rg1 51. Ke2 Rh1 52. Rf7 Rxh5 53. Rxb7 Nc7 54. Rb6+ Kd5 55.
Kd2 Rh2+ 56. Kc1 Re2 57. Kb2 Re6 58. Kb3 Rc6 59. Rxc6 Kxc6 60. c3 dxc3 61. Kxc3 Kd5 62. Kb3 Kd4 63. Kc2 Nd5 64. b5 axb5 65. Kb3 Kc5 66.
d4+ Kxd4 67. a6 Kc5 68. a7 Nc7 69. Kc3 Kb6 70. Kb3 Kxa7 71. Kb4 Kb6 0-1

[Event "Early-Titled-Tuesday-Blitz-September-05-2023"]
[Site "Chess.com"]
[Date "2023.09.05"]
[Round "3"]
[White "Andrei_Belozerov"]
[Black "esrosenberg"]
[Result "1-0"]
[WhiteElo "2619"]
[BlackElo "2395"]
[TimeControl "180+1"]
[EndTime "8:28:54 PDT"]
[Termination "Andrei_Belozerov won on time"]

1. d4 d5 2. c4 e6 3. Nf3 c5 4. cxd5 exd5 5. g3 Nf6 6. Bg2 Be7 7. O-O O-O 8. b3 Nc6 9. Bb2 Bf5 10. Nc3 Rc8 11. Rc1 h6 12. dxc5 Bxc5 13. Na4 Be7 14. Nd4 Bg4 15. h3 Nxd4 16. hxg4 Rxc1 17. Bxc1 Ne6 18.
Nc3 d4 19. Nb5 a6 20. Na3 b5 21. Nc2 Nxg4 22. e3 d3 23. Qxg4 dxc2 24. Be4 Qc8 25. Bb2 Ng5 26. Bf5 Qc6 27. Rc1 Nf3+ 28. Kh1 Ne5+ 29.
Qe4 Qxe4+ 30. Bxe4 Ng4 31. Rxc2 Bf6 32. Ba3 Re8 33. Bb7 a5 34. Kg1 b4 35. Bc1 Ne5 36.
Kg2 Nd3 37. Bd2 g6 38. Ba6 Rd8 39. Kf3 Ne5+ 40. Ke2 Be7 41. Rc7 Rd7 42. Rxd7 Nxd7 43. Bb5 Ne5 44. f4 Ng4 45. e4 Kf8 46. e5 h5 47. Kf3 Nh2+ 48. Ke4 h4 49. gxh4 Bxh4 50. Be3 Bd8 51. Bc5+ Kg7 52. Be2 f5+ 53. exf6+ Kxf6 54. Bg1 a4 55. Bxh2 axb3 56. axb3 Bc7 57. Bg1 Bd6 58.
Bd4+ Ke6 59. Bc4+ Ke7 60. Be5 Bc5 61. Kf3 Bg1 62. Kg4 Bh2 63. Kg5 Bxf4+ 64. Bxf4 Kd7 65. Bd2 Kc6 66. Bxb4 1-0

[Event "Early-Titled-Tuesday-Blitz-September-05-2023"]
[Site "Chess.com"]
[Date "2023.09.05"]
[Round "3"]
[White "chess94cu"]
[Black "1stSecond"]
[Result "0-1"]
[WhiteElo "2715"]
[BlackElo "2928"]
[TimeControl "180+1"]
[EndTime "8:28:56 PDT"]
[Termination "1stSecond won by resignation"]

1. d4 Nf6 2. c4 e6 3. Nf3 b6 4. a3 Ba6 5. Qc2 c5 6. d5 exd5 7. cxd5 g6 8. Bf4 d6 9. Nc3 Bg7 10. Qa4+ b5 11. Nxb5 O-O 12. Nc3 Qb6 13. Qc2 Re8 14.
e3 Nh5 15. Bg3 Nd7 16. Bxa6 Qxa6 17. Qe2 Qxe2+ 18. Kxe2 Nxg3+ 19. hxg3 Rab8 20. Rab1 Nb6 21. Rhd1 Nc4 22. Nd2 Nxb2 23. Rdc1 Rb6 24. Rc2 Reb8 25. Nce4 f5 26. Ng5 Bf6 27. Ne6 Kf7 28. Rh1 h5 29. e4 fxe4 30. Nxe4 Na4 31. g4 Rb2 32.
Rxb2 Rxb2+ 33. Kf3 Nc3 34. Nxc3 Rb3 35. gxh5 Rxc3+ 36. Ke4 Rc4+ 37. Kd3 Rc3+ 38. Kd2 gxh5 39. Rxh5 Rxa3 40. Rh7+ Kg6 41. Rd7 Ra2+ 42. Ke3 Ra3+ 43. Ke2 Ra6 44. g4 c4 45. f4 Bb2 46. Kf3 c3 47.
Rc7 Ra3 48. Ke4 Ra4+ 49. Kf3 Rb4 50. Kg3 Rb3 51. Kh4 Bc1 52. f5+ Kf6 53. Nd4 Ra3 54.
Nb5 Bg5+ 55. Kh5 Ra2 56. Rf7+ Kxf7 57. Kxg5 c2 58. Nxd6+ Kf8 59. Ne4 c1=Q+ 60. Kf6 Ra6+ 61. d6 Qb2+ 62. Ke6 Qe2 63. Ke5 Ra5+ 64. Kf4 Ra4 0-1

[Event "Early-Titled-Tuesday-Blitz-September-05-2023"]
[Site "Chess.com"]
[Date "2023.09.05"]
[Round "3"]
[White "Quattroporte300"]
[Black "angryspacevoid"]
[Result "0-1"]
[WhiteElo "2411"]
[BlackElo "2603"]
[TimeControl "180+1"]
[EndTime "8:28:56 PDT"]
[Termination "angryspacevoid won on time"]

1. e4 c6 2. d4 d5 3. exd5 cxd5 4. Bd3 Nc6 5. c3 Nf6 6. Bf4 g6 7. Nd2 Bg7 8. Ngf3 O-O 9. O-O Nh5 10. Bg5 h6 11.
Bh4 f5 12. Ne1 Nf4 13. Bg3 Nxd3 14. Nxd3 g5 15. f4 Qe8 16. Nf3 g4 17. Nfe5 Nxe5 18.
fxe5 e6 19. Qd2 b6 20. h3 gxh3 21. gxh3 Ba6 22. Kh2 Kh7 23. Rf2 Rg8 24. Nf4 Qf7 25. Rg1 Bf8 26. Qd1 Be7 27. Qf3 Rg5 28. Rfg2 Rag8 29. Bf2 Rxg2+ 30. Rxg2 Rxg2+ 31. Qxg2 Bg5 32. Qf3 Bxf4+ 33. Qxf4 Qh5 34. Qe3 Qd1 35. Bh4 Bd3 36. Qg1 Qe2+ 37. Qf2 Qe4 38. Bf6 f4 39. Qg2 Qxg2+ 40.
Kxg2 Be4+ 41. Kf2 Kg6 42. a3 b5 43. b4 a6 44. Bd8 Kf5 45. Bf6 Bd3 46. Bg7 h5 47. Bh6 Ke4 48. Bg5 Bc4 49. Bh6 f3 50. Bd2 Be2 51. Be1 Kd3 52. Kg3 Kc2 53. Kh4 Kb3 54. Bf2 Kxa3 55. Kxh5 Kb3 56. Kg5 Bd3 57.
Be1 Kc2 58. h4 Kd1 59. Bg3 Ke2 60. h5 f2 61. Bxf2 Kxf2 62. Kf6 Bf5 63. h6 Ke3 64. h7 Bxh7 65. Kxe6 Bg8+ 66. Kd6 Kd3 67. e6 Kxc3 68. e7 Bf7 69. Kd7 Kxd4 0-1

[Event "Early-Titled-Tuesday-Blitz-September-05-2023"]
[Site "Chess.com"]
[Date "2023.09.05"]
[Round "3"]
[White "hongnhung1234"]
[Black "Legendinunknown"]
[Result "1/2-1/2"]
[WhiteElo "2546"]
[BlackElo "2831"]
[TimeControl "180+1"]
[EndTime "8:28:57 PDT"]
[Termination "Game drawn by repetition"]

1. e4 e5 2. Nf3 Nc6 3. d4 exd4 4. Nxd4 Nf6 5. Nc3 Bb4 6. Nxc6 bxc6 7. Bd3 O-O 8. O-O Re8 9. Bg5 h6 10. Bh4 Bxc3 11.
bxc3 g5 12. Bg3 Nxe4 13. Qh5 Qf6 14. Rae1 d5 15. f3 Nd6 16. Bxd6 Rxe1 17. Rxe1 cxd6 18. Re8+ Kg7 19. h4 Bb7 20. hxg5 Qxg5 21. Qxg5+ hxg5 22. Re7 Rb8 23. Rd7 Kf6 24. Rxd6+ Ke5 25. Rd7 Ke6 26. Rc7 f6 27. c4 Kd6 28. Rf7 Ke6 29. Rc7 d4 30. Be4 f5 31. Bxc6 Bxc6 32. Rxc6+ Ke5 33.
Rc5+ Ke6 34. Rb5 Rc8 35. Rb4 a5 36. Ra4 Ra8 37. Kf2 Kd6 38. Ke2 Kc5 39. Kd3 f4 40.
Ra3 a4 41. c3 dxc3 42. Rxc3 Rd8+ 43. Ke4 Rd2 44. a3 Rxg2 45. Kf5 Rg3 46. Ke4 Rg1 47.
Kf5 Rg2 48. Rc1 Rg3 49. Rc3 Rg1 50. Rc2 Re1 51. Kxg5 Re3 52. Kxf4 Rxa3 53. Ke4 Rb3 54. f4 a3 55. f5 Rb2 56. Rc1 a2 57. Ra1 Rf2 58. Ke5 Re2+ 59. Kf6 Kxc4 60. Kg7 Kd5 61. f6 Ke6 62. f7 Rg2+ 63. Kf8 Kd7 64. Rd1+ Kc7 65.
Rc1+ Kd6 66. Ke8 Re2+ 67. Kd8 Rf2 68. Ke8 Re2+ 69. Kd8 Rf2 70. Ke8 Re2+ 1/2-1/2

[Event "Early-Titled-Tuesday-Blitz-September-05-2023"]
[Site "Chess.com"]
[Date "2023.09.05"]
[Round "3"]
[White "Fh2411"]
[Black "fen_fire"]
[Result "0-1"]
[WhiteElo "2603"]
[BlackElo "2475"]
[TimeControl "180+1"]
[EndTime "8:28:57 PDT"]
[Termination "fen_fire won by resignation"]

1. d4 Nf6 2. c4 e6 3. Nc3 Bb4 4. Qc2 Nc6 5. Nf3 O-O 6. Bg5 h6 7. Bh4 d6 8. a3 Bxc3+ 9. Qxc3 Qe7 10. e3 e5 11. Be2 Bg4 12. d5 Nb8 13. Qc2 Nbd7 14. b4 a5 15. O-O Bxf3 16. Bxf3 e4 17. Bg4 Ne5 18. Bf5 Rfe8 19. Rab1 axb4 20. axb4 Ng6 21.
Bxf6 gxf6 22. Rfd1 Qe5 23. Bh3 Kh8 24. Rd4 f5 25.
Rbd1 Kh7 26. Qe2 f4 27. Qg4 fxe3 28. fxe3 Re7 29. Qf5 Kg7 30. Rf1 Ra2 31. Qxe5+ Rxe5 32. g3 Re2 33. c5 Rxe3 34. Bg2 Re2 35. Rc1 e3 36. cxd6 cxd6 37. Rd3 Rb2 38. Re1 e2 39. Kf2 Rxb4 40. Bf3 Rb2 41. Rxe2 Rexe2+ 42. Bxe2 Ne5 43. Rc3 Rd2 44. h3 Rxd5 45. g4 Rc5 46. Rb3 Rc2 47. Ke3 Rc5 48. Bb5 Rc7 49. Kd4 Ng6 50. Kd5 Rc1 51. Kxd6 Rd1+ 52. Kc7 Nf4 53. Rf3 Ne6+ 54. Kxb7 Rb1 55. Kb6 Rxb5+ 56. Kxb5 Nd4+ 57. Kc5 Nxf3 58. Kd5 Ng5 59. Ke5 Nxh3 60. Kf5 Ng5 61. Kf4 Kg6 62. Ke5 f6+ 63. Kf4 Nf7 64. Kg3 Ne5 65. Kf4 Nf7 66.
Kg3 Kg5 0-1

[Event "Early-Titled-Tuesday-Blitz-September-05-2023"]
[Site "Chess.com"]
[Date "2023.09.05"]
[Round "3"]
[White "Orest_Vovk"]
[Black "Herzog2012"]
[Result "0-1"]
[WhiteElo "2596"]
[BlackElo "2450"]
[TimeControl "180+1"]
[EndTime "8:28:58 PDT"]
[Termination "Herzog2012 won by checkmate"]

1. g4 d5 2. h3 e5 3. Bg2 c6 4.
d4 e4 5. c4 h5 6. Nc3 hxg4 7.
Qb3 gxh3 8. Bxh3 Bxh3 9. Rxh3 Rxh3 10. Nxh3 Qd7 11. cxd5 Nf6 12. Nf4 cxd5 13. Nfxd5 Nxd5 14. Qxd5 Qxd5 15. Nxd5 Na6 16. Nc3 f5 17. Bg5 Be7 18. Bxe7 Kxe7 19. O-O-O Rh8 20. Rg1 Kf7 21. Kd2 Rh2 22. Ke3 Nb4 23. d5 Kf6 24. d6 Rh8 25. a3 Nc6 26. Nd5+ Ke5 27. Nf4 Kxd6 28. Rxg7 b6 29. Rg6+ Kd7 30. Rg7+ Kd6 31. b4 Rh1 32. Ng6 Ra1 33. Kf4 Rxa3 34. Kxf5 Ra2 35. Rg8 Rxe2 36. Rg7 Rxf2+ 37. Kxe4 Re2+ 38. Kd3 Rg2 39. Kc3 Ne5 40. Rxa7 Rxg6 41. Rb7 Kd5 42. Rb8 Rg3+ 43.
Kb2 Nc4+ 44. Kc2 Rg2+ 45. Kc3 Rg3+ 46. Kc2 Kc6 47. Kc1 Kb5 48. Rf8 Kxb4 49. Kc2 Rg2+ 50.
Kd3 Rd2+ 51. Ke4 b5 52. Rf1 Kc3 53. Rc1+ Rc2 54. Rh1 b4 55. Kd5 b3 56. Rh3+ Kb2 57.
Rh1 Na3 58. Kd4 Ka2 59. Kd3 b2 60. Rh8 b1=Q 61. Ke3 Qc1+ 62. Kf3 Qd1+ 63. Ke3 Qd2+ 64. Ke4 Rc4+ 65. Kf5 Qd5+ 66. Kg6 Rc6+ 67. Kh7 Qd7+ 68. Kg8 Rc8# 0-1

[Event "Early-Titled-Tuesday-Blitz-September-05-2023"]
[Site "Chess.com"]
[Date "2023.09.05"]
[Round "3"]
[White "Keeper0416"]
[Black "Casper"]
[Result "1/2-1/2"]
[WhiteElo "2588"]
[BlackElo "2412"]
[TimeControl "180+1"]
[EndTime "8:29:00 PDT"]
[Termination "Game drawn by repetition"]

1. Nf3 d6 2. d4 g6 3. Nc3 Bg7 4. e4 Nf6 5. h3 O-O 6. Bc4 Nc6 7.
O-O e6 8. Re1 Nxe4 9. Nxe4 d5 10.
Bg5 f6 11. Nxf6+ Bxf6 12. Bxf6 Qxf6 13. Bb5 Bd7 14. Bxc6 Bxc6 15. Qe2 Rae8 16. Qe5 Re7 17. Qxf6 Rxf6 18. Re3 Kg7 19. Rae1 Bd7 20. Rc3 Bc8 21.
Ra3 a6 22. Rc3 Rf4 23. g3 Rf6 24. h4 c6 25. a4 Re8 26. Ne5 Ref8 27. Re2 Rf5 28.
a5 g5 29. hxg5 Rxg5 30. f4 Rxf4 31. Rd3 c5 32. dxc5 Re4 33. Rxe4 dxe4 34. Rd8 Rxe5 35.
Rxc8 e3 36. Kf1 Rd5 37. Ke2 Rd2+ 38. Kxe3 Rxc2 39. b4 Rc4 40. Rc7+ Kf6 41. Rxb7 h5 42. Rb6 Ke5 43. Kd3 Rg4 44. Rxa6 Rxb4 45. Rb6 Ra4 46. a6 Kd5 47. c6 Kd6 48. Kc3 Kc7 49. Rb7+ Kxc6 50. Rh7 Rxa6 51. Rxh5 Ra3+ 52. Kd4 Rxg3 53.
Re5 Kd6 54. Re4 Ra3 55. Re1 e5+ 56. Ke4 Ra8 57. Rd1+ Ke6 58. Rb1 Ra4+ 59. Ke3 Kf5 60. Rf1+ Ke6 61. Rb1 Ra6 62. Rb8 Ra3+ 63. Ke4 Ra4+ 64.
Ke3 Rh4 65. Ra8 Kd6 66. Rb8 Kc5 67. Rd8 Kc6 68. Ra8 Kd5 69. Rd8+ Ke6 70. Ra8 Rh3+ 71. Ke4 Rh4+ 72. Ke3 1/2-1/2

[Event "Early-Titled-Tuesday-Blitz-September-05-2023"]
[Site "Chess.com"]
[Date "2023.09.05"]
[Round "3"]
[White "Srisshhhtea"]
[Black "viktorskliarov"]
[Result "1/2-1/2"]
[WhiteElo "2414"]
[BlackElo "2661"]
[TimeControl "180+1"]
[EndTime "8:29:00 PDT"]
[Termination "Game drawn by repetition"]

1. e4 c5 2. Nf3 Nc6 3. d4 cxd4 4. Nxd4 g6 5. c4 Bg7 6. Be3 Nf6 7. Nc3 Ng4 8. Qxg4 Nxd4 9. Qd1 Ne6 10. Rc1 O-O 11. Be2 d6 12. O-O Bd7 13. Qd2 a5 14.
Nd5 Nc5 15. f3 a4 16. Rfd1 Bc6 17. Bg5 Bxd5 18. exd5 Qb6 19. Kh1 Qxb2 20. Bxe7 Rfe8 21. Rc2 Qxc2 22. Qxc2 Rxe7 23. f4 Rae8 24. Bf1 Re1 25. Kg1 Bh6 26. g3 Bg7 27. Kf2 Rxd1 28. Qxd1 Bc3 29.
Bh3 Kg7 30. f5 a3 31. fxg6 hxg6 32. Bg2 Bb2 33. h4 Re5 34. Bf3 Ne4+ 35. Bxe4 Rxe4 36. Qd3 Re7 37. g4 b6 38. Kf3 Bf6 39. g5 Bb2 40. Qb3 Re1 41. Qxb6 Be5 42. Qb4 Rh1 43. c5 Rh3+ 44.
Kg2 Rg3+ 45. Kf2 dxc5 46. Qxc5 Rg4 47. Kf3 Rf4+ 48. Ke2 Rxh4 49. d6 Rh2+ 50. Kf1 Bxd6 51. Qxd6 Rxa2 52. Qe5+ Kg8 53. Qe8+ Kg7 54. Qe5+ Kg8 55.
Qe8+ Kg7 56. Qa4 Ra1+ 57. Ke2 Rb1 58. Qxa3 Rb8 59. Qc3+ Kg8 60. Qf6 Re8+ 61. Kf3 Re6 62. Qd8+ Kg7 63. Qd4+ Kg8 64. Kf4 Re8 65. Qd5 Re6 66.
Qd7 Kg7 67. Qd4+ Kg8 68. Qd8+ Kg7 69. Qd4+ Kg8 70. Qd8+ Kg7 71. Qd4+ 1/2-1/2

[Event "Early-Titled-Tuesday-Blitz-September-05-2023"]
[Site "Chess.com"]
[Date "2023.09.05"]
[Round "3"]
[White "GamayevOleg"]
[Black "lexisvar"]
[Result "1/2-1/2"]
[WhiteElo "2619"]
[BlackElo "2484"]
[TimeControl "180+1"]
[EndTime "8:29:01 PDT"]
[Termination "Game drawn by repetition"]

1. e4 c5 2. Nf3 d6 3. d4 cxd4 4. Nxd4 Nf6 5. Nc3 a6 6. Bg5 e6 7. f4 Nbd7 8. Qf3 Qc7 9. O-O-O b5 10. g4 Bb7 11. Bxf6 Nxf6 12. a3 g5 13. fxg5 Nd7 14.
Be2 Ne5 15. Qf6 Rg8 16. Nxe6 Qb6 17. Nxf8 Kxf8 18. Rxd6 Qe3+ 19. Kb1 Qxg5 20. Rf1 Qxf6 21. Rdxf6 Rg6 22. R6f5 Re8 23. h3 Re7 24. Bd3 Bc8 25. Rf6 Kg7 26. R6f2 Bb7 27. Kc1 Rd6 28. Rd2 Red7 29.
Rfd1 Nf3 30. Rf2 Ne5 31. Be2 Rxd1+ 32. Bxd1 Rd4 33. Rf5 Nc4 34. Bf3 Nd6 35. Rg5+ Kf8 36. Rh5 Kg7 37. Ne2 Rc4 38. b3 Rc8 39. Ng3 Rc3 40.
Nf5+ Nxf5 41. Rxf5 Bc8 42. Kd2 Rc7 43. Rf4 Be6 44.
Be2 Rd7+ 45. Bd3 Rc7 46. e5 Rc5 47. Re4 h6 48. Re3 a5 49. b4 axb4 50. axb4 Rd5 51. Kc3 Kf8 52. Bf5 Rd1 53. Bxe6 fxe6 54. Rf3+ Ke7 55.
Rf6 Re1 56. Rxh6 Rxe5 57. Kd4 Re2 58. c4 bxc4 59. Kxc4 Kd6 60. b5 Re4+ 61. Kd3 Rb4 62. Rh8 Rxb5 63. h4 Ke7 64. g5 Kf7 65. Ke4 Kg7 66.
Rh6 Kf7 67. Rf6+ Ke7 68. Kf4 Rb4+ 69. Kg3 Rc4 70. h5 Rc3+ 71. Kg4 Rc4+ 72. Rf4 Rc1 73. g6 Rg1+ 74. Kh4 e5 75. Rf7+ Ke6 76. Rf8 e4 77. Re8+ Kf5 78. Rf8+ Ke5 79. Rf7 e3 80. g7 e2 81.
Re7+ Kf4 82. Rf7+ Ke5 83. Re7+ Kf4 84. Rf7+ Ke5 1/2-1/2

[Event "Early-Titled-Tuesday-Blitz-September-05-2023"]
[Site "Chess.com"]
[Date "2023.09.05"]
[Round "3"]
[White "LUISMIGUELOV"]
[Black "Zarinur"]
[Result "0-1"]
[WhiteElo "2077"]
[BlackElo "2530"]
[TimeControl "180+1"]
[EndTime "8:29:03 PDT"]
[Termination "Zarinur won on time"]

1. e4 e5 2. Nf3 Nc6 3. d4 exd4 4. Bc4 Bc5 5. c3 Nf6 6. cxd4 Bb4+ 7. Nc3 Nxe4 8. O-O Bxc3 9. d5 Bf6 10. Re1 Ne7 11. Rxe4 d6 12. Qe2 Bf5 13. Bb5+ Kf8 14. Re3 g6 15. Bd2 Kg7 16. Bc4 Bd7 17. Bc3 Nf5 18. Re4 Bxc3 19. bxc3 Qf6 20. Nd4 Rae8 21. Nxf5+ Qxf5 22.
f3 Rxe4 23. fxe4 Qe5 24. Qe3 Re8 25. Re1 a5 26. Qd4 b5 27. Bd3 c5 28. dxc6 Bxc6 29.
Kf2 Kg8 30. Qxe5 Rxe5 31. a3 Rc5 32. Rc1 b4 33. axb4 axb4 34. c4 d5 35. exd5 Bxd5 36. g3 Be6 37. Rb1 Bxc4 38. Rc1 b3 39. Rxc4 Rd5 40.
Be4 Rd2+ 41. Ke3 Rxh2 42. Rb4 b2 43. Kd3 Kg7 44. Kc3 Rh3 45. Rxb2 Rxg3+ 46. Kd4 h5 47.
Rb7 g5 48. Bd5 Rg4+ 49. Ke5 Rf4 50. Rb1 h4 51. Rg1 f6+ 52. Ke6 Kg6 53. Bc6 h3 54. Be8+ Kh6 55. Kf7 g4 56. Bd7 h2 57. Rh1 g3 58. Bc6 Kg5 59. Bg2 Rf2 60. Bd5 g2 61.
Bxg2 Rxg2 62. Ke6 Kg4 63. Kd5 Kg3 64. Ke6 Rg1 0-1

[Event "Early-Titled-Tuesday-Blitz-September-05-2023"]
[Site "Chess.com"]
[Date "2023.09.05"]
[Round "3"]
[White "RobertoJBM"]
[Black "bescmelasti"]
[Result "0-1"]
[WhiteElo "2806"]
[BlackElo "2611"]
[TimeControl "180+1"]
[EndTime "8:29:04 PDT"]
[Termination "bescmelasti won by checkmate"]

1. d4 Nf6 2. c4 e6 3. Nf3 d5 4.
Nc3 dxc4 5. e3 a6 6. a4 c5 7. Bxc4 Nc6 8. O-O Be7 9. Qe2 cxd4 10. Rd1 e5 11. exd4 exd4 12. Be3 Bg4 13. h3 Bxf3 14.
Qxf3 O-O 15. Bf4 Bd6 16. Ne2 Bxf4 17. Qxf4 Qb6 18. Nxd4 Qxb2 19. Rab1 Qc3 20. Nf5 Qe5 21. Qf3 Rab8 22. Nd6 Nd4 23. Qg3 Qc5 24. Rxd4 Qxd4 25.
Nf5 Nh5 26. Nxd4 Nxg3 27. fxg3 g6 28. Kf2 Rbc8 29. Be2 Rfd8 30. Nf3 Rc7 31. Rb2 Kg7 32. g4 h6 33. h4 Rd5 34. g5 hxg5 35. hxg5 Ra5 36.
Rb4 Re7 37. Bd3 Rd5 38. Be4 Rdd7 39. Ke3 f5 40. gxf6+ Kxf6 41. Kf4 Rc7 42. g4 Kg7 43.
Ne5 Rc1 44. Nf3 Rcc7 45. Rb6 Rf7+ 46. Kg3 Rf6 47. Rxb7 Rxb7 48. Bxb7 Rb6 49. Be4 Rb4 50. Bc2 Rc4 51. Bb3 Rb4 52. Bd1 Rb1 53. Be2 Rb4 54. Bd1 Rb1 55. Bc2 Rb2 56. Nd4 Rb4 57. Ne2 Rb2 58. Bd3 Rb3 59. Nc1 Rc3 60. Kf4 Rxc1 61. Bxa6 Ra1 62. Bb5 Kf6 63. g5+ Ke6 64. Ke4 Rg1 65. Kf4 Rb1 66. Be8 Rb4+ 67. Ke3 Kf5 68. a5 Rb3+ 69. Kd4 Ra3 70. Bd7+ Kxg5 71. Ke4 Rxa5 72. Kf3 Ra3+ 73. Kg2 Kf4 74. Be8 g5 75.
Bh5 g4 76. Be8 Ra2+ 77. Kg1 Rc2 78. Kf1 Kf3 79. Bg6 Rc1# 0-1

[Event "Early-Titled-Tuesday-Blitz-September-05-2023"]
[Site "Chess.com"]
[Date "2023.09.05"]
[Round "3"]
[White "wannabe2700"]
[Black "Haykoooo0o"]
[Result "0-1"]
[WhiteElo "2630"]
[BlackElo "2478"]
[TimeControl "180+1"]
[EndTime "8:29:16 PDT"]
[Termination "Haykoooo0o won by checkmate"]

1. b3 e5 2. Bb2 Nc6 3. e3 Nf6 4. Nf3 Bd6 5. d4 exd4 6. Nxd4 O-O 7. Bd3 Ne5 8. Nf5 Nxd3+ 9. Qxd3 Bb4+ 10. Nd2 d5 11.
O-O-O c6 12. g4 Bxf5 13. gxf5 Bxd2+ 14. Qxd2 Ne4 15. Qd4 f6 16. Rhf1 Qb6 17. Qd3 Rfe8 18. f3 Nd6 19. e4 Rad8 20. exd5 Nf7 21. Qc4 cxd5 22. Rxd5 Rxd5 23. Qxd5 Qe3+ 24. Kb1 Qe2 25. Rc1 b6 26. h4 Rd8 27. Qe4 Qxe4 28. fxe4 Re8 29. Rg1 Kf8 30. Rg4 h5 31. Ba3+ Kg8 32. Rf4 Ne5 33. Kc1 Ng4 34. Kd2 Kf7 35. Ke2 Re5 36.
Bb2 Ra5 37. a4 Rc5 38. c4 Rc7 39. Kd3 Rd7+ 40. Kc2 Ne3+ 41. Kc3 Nd1+ 42. Kc2 Ne3+ 43. Kb1 Rd1+ 44. Bc1 Rh1 45. Kb2 Ng4 46. b4 Rxh4 47.
c5 Rh2+ 48. Kb3 bxc5 49. bxc5 Ne5 50. Bb2 Rxb2+ 51. Kc3 Rb1 52. Kc2 Rb4 53. Rh4 Rc4+ 54.
Kb3 Rxc5 55. Rxh5 a5 56. Rh8 Rc4 57. Ra8 Rxe4 58. Rxa5 Re3+ 59. Kc2 Rf3 60. Rc5 Rxf5 61. a5 Rf2+ 62. Kb3 Rf3+ 63. Ka4 Rf1 64. a6 Ra1+ 65.
Kb5 g5 66. Rc7+ Ke6 67. a7 g4 68. Rg7 Kf5 69. Kb6 Kf4 70. Kb7 g3 71. a8=Q Rxa8 72. Kxa8 Ng4 73. Rc7 g2 74. Rc1 Kg3 75. Kb7 f5 76.
Kc6 f4 77. Kd5 f3 78. Ke4 f2 79. Rc3+ Kh4 80. Rc8 f1=Q 81. Rh8+ Kg3 82. Kd5 g1=Q 83. Ke6 Qe3+ 84. Kd7 Qd1+ 85. Kc6 Qc3+ 86. Kb7 Qb1+ 87. Ka7 Qa3# 0-1

[Event "Early-Titled-Tuesday-Blitz-September-05-2023"]
[Site "Chess.com"]
[Date "2023.09.05"]
[Round "3"]
[White "Gauravthegm"]
[Black "The_Princess_Moon"]
[Result "0-1"]
[WhiteElo "2419"]
[BlackElo "2264"]
[TimeControl "180+1"]
[EndTime "8:29:17 PDT"]
[Termination "The_Princess_Moon won by resignation"]

1. e4 c5 2. Nc3 a6 3. g3 b5 4.
Bg2 Bb7 5. d3 b4 6. Nce2 d5 7.
e5 Qc7 8. f4 e6 9. Nf3 Nc6 10.
O-O h5 11. Be3 d4 12. Bf2 Nh6 13. h3 Nf5 14. Nd2 Be7 15. Ne4 Rd8 16. Qd2 g6 17. b3 Kf8 18. a3 a5 19. axb4 cxb4 20. Ra2 Kg7 21. Kh2 Qb6 22. Kg1 Ne3 23. Bxe3 dxe3 24. Qc1 Nd4 25. Nxd4 Qxd4 26. Kh2 e2 27. Re1 Bxe4 28.
Bxe4 Qf2+ 29. Bg2 h4 30. g4 Bc5 31. Qd2 Be3 32. Qxe2 Bxf4+ 33. Kh1 Qg3 34. Bf1 Rd5 35. d4 Rxd4 36. c4 bxc3 37. Rd1 Rd2 38. Raxd2 cxd2 39. Qg2 Qxb3 40. Be2 Rc8 41. Qf1 Rc1 42. Qxf4 Rxd1+ 43. Kg2 Qd5+ 44. Bf3 Rg1+ 45. Kxg1 d1=Q+ 46. Bxd1 Qxd1+ 47. Kg2 Qe2+ 48. Kg1 Qd1+ 49. Kg2 a4 50. Qf6+ Kg8 51.
Qxh4 a3 52. Qe7 Qd5+ 53. Kf2 a2 54. Qe8+ Kg7 55. Qa4 Qd3 56. Qxa2 Qd4+ 57. Kg2 Qxe5 58. Qf2 Qe4+ 59. Kg3 e5 60. Qb2 Qe3+ 61. Kg2 Qf4 62. Qe2 e4 63. Qb2+ Kh7 64. Qd4 Qf3+ 65. Kh2 e3 66. Qd3 Qf2+ 67. Kh1 e2 0-1

[Event "Early-Titled-Tuesday-Blitz-September-05-2023"]
[Site "Chess.com"]
[Date "2023.09.05"]
[Round "3"]
[White "DopplerCharlotteDeWitte"]
[Black "frederiksvane"]
[Result "1-0"]
[WhiteElo "2735"]
[BlackElo "2920"]
[TimeControl "180+1"]
[EndTime "8:29:25 PDT"]
[Termination "DopplerCharlotteDeWitte won by resignation"]

1. e4 e5 2. Nf3 Nc6 3. d4 exd4 4.
Nxd4 Nf6 5. Bb5 Bc5 6. Nb3 Bb6 7. Nc3 O-O 8. Bg5 Bxf2+ 9. Kxf2 h6 10. Bxf6 Qxf6+ 11. Qf3 Qd8 12. Rhf1 Ne5 13. Qg3 d6 14. Kg1 c6 15. Bd3 a5 16. a4 Be6 17. Nd2 Qb6+ 18.
Kh1 Qxb2 19. Ne2 Qb4 20. Nf3 Qc5 21. Nxe5 dxe5 22. Qf2 Qxf2 23. Rxf2 Rfb8 24. Nc3 Rd8 25. Rff1 Rd4 26. Rfb1 Rb4 27. Kg1 Kf8 28. Kf2 Ke7 29. Ke3 Kd6 30. Ne2 Kc5 31. c3 Rxb1 32. Rxb1 Rb8 33.
Nc1 b5 34. Nb3+ Bxb3 35. Rxb3 h5 36. h4 g6 37. Be2 Rb6 38. Rb1 Rb7 39. Kd2 Rd7+ 40.
Kc2 Rb7 41. Bd3 Rb8 42. axb5 cxb5 43. Rf1 Rb7 44. Rf6 Ra7 45. Kb2 b4 46. cxb4+ axb4 47. Bc2 Rd7 48. Kc1 Ra7 49. Bb3 Kd4 50. Kb2 Kxe4 51.
Bxf7 Ke3 52. Bxg6 Rd7 53. Rf3+ Ke2 54. Bxh5 Rh7 55. Rf5+ Kd3 56. Rxe5 Kd4 57. Rg5 Rh6 58. g3 Rf6 59. Rg4+ Kc5 60. Rf4 Re6 61. Bd1 Re3 62. g4 Rh3 63. h5 Rh2+ 64. Bc2 Rh3 65. Re4 Rh2 66. Rf4 Rh3 67. Rf2 Kc4 68. Re2 Rh4 69.
Re4+ Kc5 70. h6 Rxh6 71. Rf4 Rh2 72. g5 Rg2 73. g6 Rg3 74. Rf7 b3 75. Bf5 Kc4 76.
Rc7+ Kb4 77. Rb7+ Kc4 78. Be6+ Kc5 79. g7 Kd6 80. g8=Q Rxg8 81. Bxg8 Ke5 82. Rxb3 Kd4 83. Rc3 Ke5 84. Kb3 Kf4 85. Bc4 Ke5 86. Rd3 Kf4 87. Kc3 Kg5 88. Kc2 Kh4 89. Kd2 Kh5 90. Rd4 Kg5 91.
Ke3 Kf6 92. Kf4 Ke7 93. Ke5 Ke8 1-0

[Event "Early-Titled-Tuesday-Blitz-September-05-2023"]
[Site "Chess.com"]
[Date "2023.09.05"]
[Round "3"]
[White "hurricane7791"]
[Black "GMWSO"]
[Result "1/2-1/2"]
[WhiteElo "2694"]
[BlackElo "3062"]
[TimeControl "180+1"]
[EndTime "8:29:26 PDT"]
[Termination "Game drawn by repetition"]

1. d4 e6 2. c4 d5 3. Nc3 Nf6 4. cxd5 exd5 5. Bg5 c6 6. e3 h6 7. Bh4 Be7 8. Bd3 O-O 9. Qc2 Re8 10. Nf3 Ne4 11. Bxe4 Bxh4 12. Bh7+ Kh8 13. Bf5 Rxe3+ 14. Kf1 Rxf3 15. gxf3 Bf6 16. Bxc8 Qxc8 17. Kg2 Nd7 18.
Rad1 Nf8 19. Rhe1 Ng6 20. Re3 Bg5 21. Rde1 Nh4+ 22. Kg3 Qc7+ 23. Re5 Ng6 24. Nxd5 Qd6 25. Nc3 Bf4+ 26. Kg2 Nxe5 27. dxe5 Bxe5 28. Rd1 Qe7 29.
Qf5 Bxc3 30. bxc3 Rd8 31. Rxd8+ Qxd8 32. Qxf7 Qg5+ 33. Kf1 Qb5+ 34. Kg2 Qg5+ 35. Kf1 Qc1+ 36. Kg2 Qxc3 37. Qxb7 Qc5 38. h4 Kh7 39. Qd7 Qd5 40.
Qxa7 c5 41. Qa5 Qc6 42. Qc3 Qg6+ 43. Kh2 Qd6+ 44. Kg2 Qg6+ 45. Kh2 Qf5 46. a4 Qf4+ 47. Kg2 Qxa4 48. Qxc5 Qxh4 49. Qf5+ Kg8 50. Qc8+ Kf7 51. Qd7+ Qe7 52. Qf5+ Qf6 53. Qd7+ Kg6 54. Qe8+ Kh7 55.
Qe3 Qg6+ 56. Kh2 h5 57. Qe4 Kh6 58. Qf4+ Qg5 59. Qd6+ Qf6 60. Qd2+ Kg6 61. Qe3 Qf5 62. Kg2 Qg5+ 63. Kh3 Qf5+ 64. Kg2 Kf7 65. Qa7+ Kf6 66. Qe3 Kg6 67. Qe8+ Qf7 68. Qe3 Qf6 69. Qe8+ Kh6 70. Qe3+ Qg5+ 71. Kh3 Kg6 72. Qe8+ Kf6 73. Qd8+ Kg6 74.
Qe8+ Kh7 75. Qe4+ g6 76. Qb7+ Kh6 77. Qe4 Qf5+ 78. Kg3 Qf6 79. Qe3+ Qg5+ 80. Kh3 Qxe3 81. fxe3 Kg5 82. Kg3 Kf5 83. e4+ Kg5 84. f4+ Kf6 85. Kh4 Ke6 86. Kg5 Kf7 87. f5 gxf5 88. exf5 h4 89.
Kxh4 Kf6 90. Kg4 Kf7 91. Kg5 Kg7 92. Kf4 Kf7 93. Ke5 Ke7 94. f6+ Kf7 95. Kf5 Kf8 96.
Ke5 Kf7 97. Kf5 Kf8 98. Ke5 Kf7 1/2-1/2